 Dungeon Crawl Stone Soup version 0.31-a0-237-g2d982f9f85 (webtiles) character file.

Game seed: 13015283039530390942

1565 qw the Skirmisher (level 8, -6/70 HPs)
             Began as a Minotaur Hexslinger on July 11, 2023.
             Mangled by a bullfrog (7 damage)
             ... on level 7 of the Dungeon.
             The game lasted 00:01:46 (5495 turns).

qw the Skirmisher (Minotaur Hexslinger)             Turns: 5495, Time: 00:01:47

Health: -6/70      AC:  6    Str: 14    XL:     8   Next: 59%
Magic:  8/8        EV: 12    Int: 10    God:
Gold:   283        SH:  5    Dex: 14    Spells: 8/9 levels left

rFire   . . .        Y - +2 sling
rCold   . . .        (no shield)
rNeg    . . .        o - +0 ring mail
rPois   .            (helmet restricted)
rElec   .            (no cloak)
rCorr   .            (no gloves)
SInv    +            g - +0 pair of boots
Will    .....        l - amulet of reflection
Stlth   +            d - ring of see invisible
HPRegen 0.31/turn    h - +4 ring of slaying {mikee}
MPRegen 0.11/turn

%: reflection
@: marked
A: horns 2, retaliatory headbutt
a: no special abilities


You were on level 7 of the Dungeon.
You visited 1 branch of the dungeon, and saw 7 of its levels.

You collected 283 gold pieces.


Innate Abilities, Weirdness & Mutations

You have a pair of horns on your head.
You reflexively headbutt those who attack you in melee.


   Skills:
 - Level 6.0 Fighting
 + Level 9.8 Ranged Weapons
 - Level 3.1 Armour
 - Level 3.8 Dodging
 - Level 1.0 Spellcasting
 - Level 2.0 Hexes


You had 8 spell levels left.
You knew the following spells:

 Your Spells              Type           Power      Damage    Failure   Level
a - Slow                  Hex            16%        N/A       30%         1

Your spell library contained the following spells:

 Spells                   Type           Power      Damage    Failure   Level
 Inner Flame              Hex/Fire       2%         N/A       80%         3
 Portal Projectile        Hex/Tloc       4%         N/A       80%         3
 Cause Fear               Hex            2%         N/A       96%         4

Inventory:

Hand Weapons
 Y - a +2 sling (weapon)
Armour
 g - a +0 pair of boots (worn)
 o - a +0 ring mail (worn)
Jewellery
 d - a ring of see invisible (left hand)
 h - a +4 ring of slaying (right hand) {mikee}
 l - an amulet of reflection (around neck)
Scrolls
 e - a scroll of identify
 f - 3 scrolls of teleportation
Potions
 b - 2 potions of heal wounds
 c - a potion of mutation {unknown}
 i - a potion of berserk rage {unknown}
 m - a potion of haste {unknown}
 n - a potion of attraction {unknown}
 p - a potion of might {unknown}

Dungeon Overview and Level Annotations

Branches:
Dungeon (7/15)
 Temple: D:4-7

Altars:
Sif Muna
Vehumet
Zin

Annotations:
D:5 5 runed translucent doors
D:7 Joseph


Message History

You shoot a sling bullet. The sling bullet barely misses Joseph.
You shoot a sling bullet. The sling bullet hits Joseph!
Joseph is moderately wounded.
The bullfrog closely misses you.
Joseph unwields a +1 heavy sling.
Joseph wields a +0 quarterstaff of speed.
Joseph hits you but does no damage.
You shoot a sling bullet. The sling bullet barely misses Joseph.
The bullfrog barely misses you. You furiously retaliate!
You headbutt the bullfrog!
A wyvern comes into view.
Joseph hits you with a +0 quarterstaff of speed.
The bullfrog hits you but does no damage.
The centaur wields a +0 orcbow.
The centaur shoots an arrow.
The arrow closely misses you.
The arrow hits Joseph!
You shoot a sling bullet. The sling bullet hits Joseph!
Joseph is severely wounded.
You hear the faint creaking of a very distant portcullis.
You block the bullfrog's attack.
Joseph hits you with a +0 quarterstaff of speed.
Joseph barely misses you.
You shoot a sling bullet. The sling bullet barely misses Joseph.
The bullfrog barely misses you. You furiously retaliate!
You headbutt the bullfrog.
The centaur unwields a +0 orcbow.
The centaur hits you.
The centaur kicks you but does no damage.
The bullfrog barely misses you.
Joseph hits you with a +0 quarterstaff of speed!
You shoot a sling bullet. The sling bullet hits Joseph.
Joseph is severely wounded.
The centaur hits you.
The centaur kicks you but does no damage.
The bullfrog hits you. Joseph closely misses you. You furiously retaliate!
You headbutt Joseph! The centaur barely misses you. The centaur misses you.
You shoot a sling bullet. The sling bullet hits Joseph.
Joseph is almost dead.
The bullfrog hits you!
Joseph hits you with a +0 quarterstaff of speed!
The centaur hits you but does no damage.
The centaur barely misses you. The bullfrog hits you!
You die...

................#. . . #
................#. .. . #.
............##..#. .# .# ..
##.######...##..#. .####.##
.##########...##..#. .......
.........#....# +. .....
.........'....# #. ..J######
######.@##..##.<..+ #.
...##...###...##@.##..##...##
##
...##.........lFc..#..######
............>......#...#
...................'...#
...##..####...##..##..##
...##..####...#########
.......#.......#
.(.....#.......#
.......#.......#


You could see Joseph, a wyvern, a bullfrog and a centaur.

Vanquished Creatures
  A water moccasin (D:6)
  A sky beast (D:6)
  A black bear (D:6)
  An ogre (D:4)
  2 phantoms (D:4)
  A bullfrog (D:6)
  3 scorpions
  3 hounds (D:5)
  4 jellies
  5 orc priests
  5 iguanas
  2 sleepcaps
  4 orc wizards
  Robin (D:2)
  6 adders
  2 shadow imps
  A white imp (D:6)
  2 worms
  2 dart slugs
  13 orcs
  3 endoplasms
  A giant cockroach (D:4)
  8 goblins
  7 hobgoblins
  5 kobolds
  2 quokkas (D:1)
  8 ball pythons
  7 bats
  A frilled lizard (D:1)
  6 rats
108 creatures vanquished.

Notes
Turn   | Place    | Note
-------+----------+-------------------------------------------
     0 | D:1      | qw the Minotaur Hexslinger began the quest for the Orb.
     0 | D:1      | Reached XP level 1. HP: 16/16 MP: 1/1
     0 | D:1      | 0 ||| qw: Version: 0.3-a-52-g30416fa
     0 | D:1      | 0 ||| qw: Game counter: 5569
     0 | D:1      | 0 ||| qw: Melee chars always use a shield: true
     0 | D:1      | 0 ||| qw: God list: Okawaru
     0 | D:1      | 0 ||| qw: Allow faded altars: false
     0 | D:1      | 0 ||| qw: Do Orc after clearing Dungeon:15 true
     0 | D:1      | 0 ||| qw: Do second Lair branch before Depths: true
     0 | D:1      | 0 ||| qw: Lair rune preference: random
     0 | D:1      | 0 ||| qw: Goals: Normal
     0 | D:1      | 0 ||| PLANNING D:1-11
   211 | D:1      | Reached skill level 3 in Ranged Weapons
   233 | D:1      | Reached XP level 2. HP: 18/23 MP: 2/2
  1046 | D:1      | 1046 ||| UPGRADING to +0 pair of boots.
  1051 | D:1      | 1051 ||| UPGRADING to ring of see invisible.
  1052 | D:1      | 1052 ||| UPGRADING to +4 ring of slaying {mikee}.
  1053 | D:1      | 1053 ||| READING scroll labelled WOOXTOIR QYUQ.
  1054 | D:1      | 1054 ||| READING 2 scrolls labelled OCIDGHON UCWACVO.
  1059 | D:1      | 1059 ||| DROPPING scroll of poison.
  1127 | D:2      | Reached XP level 3. HP: 29/29 MP: 3/3
  1313 | D:2      | Noticed Robin
  1320 | D:2      | Killed Robin
  1321 | D:2      | Reached skill level 4 in Ranged Weapons
  1667 | D:2      | Reached XP level 4. HP: 36/36 MP: 4/4
  1807 | D:2      | 1807 ||| UPGRADING to amulet of reflection.
  1812 | D:2      | 1812 ||| READING 3 scrolls labelled AVAD WIMUZA.
  1813 | D:2      | 1813 ||| READING scroll labelled SAFEKE NOWITHE.
  1877 | D:2      | 1877 ||| READING scroll labelled EPPESK KOFAIDD.
  1878 | D:2      | 1878 ||| READING 2 scrolls of identify.
  1878 | D:2      | 1878 ||| IDENTIFYING orange potion
  1879 | D:2      | 1879 ||| DROPPING potion of brilliance.
  1916 | D:3      | 1916 ||| STAIRDANCE
  2013 | D:3      | Reached skill level 5 in Ranged Weapons
  2017 | D:3      | Reached XP level 5. HP: 37/44 MP: 5/5
  2020 | D:3      | Reached skill level 3 in Fighting
  2458 | D:3      | 2458 ||| UPGRADING to +0 leather armour.
  2468 | D:3      | 2468 ||| DROPPING +0 robe.
  2469 | D:3      | 2469 ||| UPGRADING to +0 ring mail.
  2479 | D:3      | 2479 ||| DROPPING +0 leather armour.
  2480 | D:3      | 2480 ||| READING scroll labelled VINAR YFRIFESU.
  2481 | D:3      | 2481 ||| READING 2 scrolls of identify.
  2481 | D:3      | 2481 ||| IDENTIFYING cyan potion
  2514 | D:4      | Noticed an ogre
  2520 | D:4      | Killed an ogre
  2521 | D:4      | Reached skill level 3 in Armour
  2533 | D:4      | Noticed a phantom
  2539 | D:4      | Killed a phantom
  2540 | D:4      | Reached XP level 6. HP: 51/51 MP: 6/6
  2565 | D:4      | Reached skill level 6 in Ranged Weapons
  2895 | D:4      | Reached skill level 7 in Ranged Weapons
  2895 | D:4      | Reached XP level 7. HP: 59/59 MP: 7/7
  3322 | D:4      | 3322 ||| DRINKING 2 lumpy coppery potions.
  3323 | D:4      | 3323 ||| DRINKING 2 fuming white potions.
  3368 | D:4      | 3368 ||| DROPPING potion of lignification.
  3389 | D:5      | Entered Level 5 of the Dungeon
  3420 | D:5      | 3420 ||| Stepping ~*~*~tactically~*~*~ (outnumbered).
  3428 | D:5      | 3428 ||| Stepping ~*~*~tactically~*~*~ (outnumbered).
  3439 | D:5      | HP: 12/59 [orc wizard/puff of flame (7)]
  3440 | D:5      | 3440 ||| READING 2 scrolls of teleportation.
  3441 | D:5      | 3441 ||| DRINKING potion of heal wounds.
  3444 | D:5      | Found a runed translucent gate.
  3444 | D:5      | Found a runed translucent gate.
  3444 | D:5      | Found a runed translucent door.
  3444 | D:5      | Noticed a redback
  3530 | D:5      | Reached skill level 8 in Ranged Weapons
  3702 | D:5      | Found a glowing silver altar of Zin.
  3702 | D:5      | Found a radiant altar of Vehumet.
  3710 | D:5      | Found a faded altar of an unknown god.
  3712 | D:5      | Found a faded altar of an unknown god.
  3714 | D:5      | Found a shimmering blue altar of Sif Muna.
  4010 | D:5      | Found the +9 staff of Olgreb {rPois∞}
  4016 | D:5      | Found a runed translucent door.
  4017 | D:5      | Identified the +4 mace "Joteoputs" {drain, rC+}
  4040 | D:5      | Found a runed translucent gate.
  4224 | D:5      | 4224 ||| READING scroll labelled TIODGH ZAAFU.
  4327 | D:6      | Reached XP level 8. HP: 68/68 MP: 8/8
  4459 | D:6      | 4459 ||| DRINKING potion of curing.
  4459 | D:6      | 4459 ||| (to cure confusion)
  4616 | D:6      | 4616 ||| FLEEEEING.
  4667 | D:6      | Reached skill level 9 in Ranged Weapons
  4827 | D:6      | Reached skill level 6 in Fighting
  4939 | D:6      | Reached skill level 3 in Dodging
  5344 | D:6      | 5344 ||| READING scroll labelled XUXUMA DEASMU.
  5345 | D:6      | 5345 ||| READING scroll labelled XEFEMO JUWO.
  5346 | D:6      | 5346 ||| READING scroll labelled KOAHON UDEM.
  5465 | D:7      | 5465 ||| FLEEEEING.
  5466 | D:7      | 5466 ||| FLEEEEING.
  5467 | D:7      | 5467 ||| FLEEEEING.
  5468 | D:7      | 5468 ||| FLEEEEING.
  5469 | D:7      | 5469 ||| FLEEEEING.
  5472 | D:7      | 5472 ||| FLEEEEING.
  5473 | D:7      | 5473 ||| FLEEEEING.
  5474 | D:7      | 5474 ||| FLEEEEING.
  5475 | D:7      | 5475 ||| FLEEEEING.
  5476 | D:7      | 5476 ||| FLEEEEING.
  5477 | D:7      | 5477 ||| FLEEEEING.
  5478 | D:7      | 5478 ||| FLEEEEING.
  5479 | D:7      | 5479 ||| FLEEEEING.
  5480 | D:7      | 5480 ||| FLEEEEING.
  5481 | D:7      | 5481 ||| FLEEEEING.
  5485 | D:7      | Noticed Joseph
  5495 | D:7      | HP: 15/70 [bullfrog (7)]
  5495 | D:7      | HP: 1/70 [Joseph/+0 quarterstaff of speed (14)]
  5495 | D:7      | Mangled by a bullfrog

Levels and vault maps discovered:
D:1:      dpeg_arrival_snail, layout_loops_corners
D:2:      layout_basic, uniq_robin
D:3:      layout_basic
D:4:      layout_basic
D:5:      layout_loops_cross, chequers_temple_overflow_minitemple,
          grunt_decor_junction, minmay_guarded_unrand_staff_of_olgreb
D:6:      layout_loops_corners
D:7:      layout_gridville, minmay_temple_entry_poolview, enter_bailey_3,
          uniq_joseph

Skill      XL: |  1  2  3  4  5  6  7  8 |
---------------+-------------------------+-----
Ranged Weapons | 3 4 5 7 8 9 |  9.8
Fighting       | 2 3 4 5 6 |  6.0
Armour         | 3 |  3.1
Dodging        | 3 |  3.8
Spellcasting   | |  1.0
Hexes          | |  2.0

Action                     |  1- 3 |  4- 6 |  7- 9 || total
---------------------------+-------+-------+-------++-------
   Fire: Sling             |   117 |    74 |   177 ||   368
    Use: Scroll            |     2 |     6 |     5 ||    13
         Potion            |       |       |     4 ||     4
 Armour: Robe              |     9 |     5 |       ||    14
         Ring mail         |       |     8 |    30 ||    38
  Dodge: Dodged            |    36 |    15 |    62 ||   113
  Block: Other             |       |     6 |    20 ||    26

Table legend:
 A = Non-vault XP
 B = Vault XP
 C = Vault XP percentage of total XP
 D = Non-vault monster count
 E = Vault monster count
 F = Vault count percentage of total count
                 A         B        C        D         E       F
            +---------+---------+-------+---------+---------+-------
      Total |    2212 |      25 |   1.1 |     101 |       7 |   6.5
            +---------+---------+-------+---------+---------+-------
        D:1 |      39 |       0 |   0.0 |      23 |       0 |   0.0
        D:2 |      49 |      25 |  33.8 |      14 |       7 |  33.3
        D:3 |     129 |       0 |   0.0 |       9 |       0 |   0.0
        D:4 |     633 |       0 |   0.0 |      18 |       0 |   0.0
        D:5 |     470 |       0 |   0.0 |      18 |       0 |   0.0
        D:6 |     839 |       0 |   0.0 |      17 |       0 |   0.0
        D:7 |      53 |       0 |   0.0 |       2 |       0 |   0.0
            +---------+---------+-------+---------+---------+-------
